 Dungeon Crawl Stone Soup version 0.31-a0-145-g046c7d2549 (webtiles) character file.

Game seed: 3882699686532447933

88 nicknak712 the Caller (level 4, -7/30 HPs)
             Began as a Demonspawn Summoner on June 5, 2023.
             Mangled by Crazy Yiuf
             ... wielding a +2 quarterstaff of chaos
              (17 damage)
             ... on level 2 of the Dungeon.
             The game lasted 00:09:51 (1338 turns).

nicknak712 the Caller (Demonspawn Summoner)         Turns: 1338, Time: 00:09:51

Health: -7/30      AC:  2    Str:  8    XL:     4   Next: 30%
Magic:  1/7        EV: 12    Int: 19    God:
Gold:   76         SH:  4    Dex: 13    Spells: 2/8 levels left

rFire   . . .        c - +0 short sword
rCold   . . .        (no shield)
rNeg    . . .        a - +0 robe
rPois   .            (no helmet)
rElec   .            (no cloak)
rCorr   .            (no gloves)
SInv    .            (no boots)
Will    .....        (no amulet)
Stlth   ++           (no ring)
HPRegen 0.25/turn    (no ring)
MPRegen 0.10/turn

%: no passive effects
@: no status effects
A: large bone plates 1
a: no special abilities


You were on level 2 of the Dungeon.
You visited 1 branch of the dungeon, and saw 2 of its levels.

You collected 76 gold pieces.

Inventory:

Hand Weapons
 c - a +0 short sword (weapon)
Armour
 a - a +0 robe (worn)
 f - a +0 leather armour
Scrolls
 d - a scroll of blinking {unknown}
 g - 5 scrolls of identify {unknown}
 i - a scroll of fog {unknown}
 l - a scroll of amnesia {unknown}
 m - a scroll of teleportation {unknown}
Potions
 b - a potion of magic
 e - 2 potions of invisibility {unknown}
 h - a potion of cancellation {unknown}
 j - a potion of might
 k - a potion of mutation {unknown}
 n - a potion of curing {unknown}
 o - a potion of brilliance {unknown}


   Skills:
 + Level 2.4 Dodging
 + Level 2.5 Stealth
 + Level 2.5 Spellcasting
 * Level 4.8 Summonings


You had 2 spell levels left.
You knew the following spells:

 Your Spells              Type           Power      Damage    Failure   Level
a - Summon Small Mammal   Summ           80%        N/A       2%          1
b - Call Imp              Summ           40%        N/A       3%          2
c - Call Canine Familiar  Summ           20%        N/A       7%          3

Your spell library contained the following spells:

 Spells                   Type           Power      Damage    Failure   Level
 Magic Dart               Conj           8%         1d3       16%         1
 Blink                    Tloc           4%         N/A       24%         2
 Ensorcelled Hibernation  Hex/Ice        4%         N/A       24%         2
 Lesser Beckoning         Tloc           4%         N/A       24%         2
 Momentum Strike          Conj/Tloc      4%         3d8       24%         2
 Searing Ray              Conj           4%         2d4       24%         2
 Summon Guardian Golem    Hex/Summ       11%        N/A       19%         3
 Spider Form              Tmut/Pois      2%         N/A       43%         3
 Summon Lightning Spire   Summ/Air       11%        N/A       52%         4
 Anguish                  Hex/Necr       1%         N/A       85%         4
 Fulminant Prism          Conj/Hex       1%         3d5       85%         4


Dungeon Overview and Level Annotations

Branches:
Dungeon (2/15)

Altars:

Annotations:
D:1 1 transporter
D:2 Crazy Yiuf


Innate Abilities, Weirdness & Mutations

You are partially covered in large bone plates. (SH +4)


Message History

Your cerulean imp hits Crazy Yiuf but does no damage.
Crazy Yiuf whimpers, "Buddy!
Adder shrimp poople."
Crazy Yiuf completely misses your cerulean imp.
Your cerulean imp hits Crazy Yiuf with a -2 spear.
Crazy Yiuf hits your cerulean imp with a +2 quarterstaff of chaos!
Your cerulean imp dies!
Your cerulean imp disappears in a puff of smoke!
Crazy Yiuf closely misses your quokka.
Casting: Summon Small Mammal (safe; 2% risk of failure)
Confirm with . or Enter, or press ? or * to list all spells.
A tiny devil pulls itself out of the air.
Your quokka barely misses Crazy Yiuf.
Crazy Yiuf hits your quokka with a +2 quarterstaff of chaos!
Lightning courses through your quokka!
Your quokka dies!
Your quokka's corpse disappears in a puff of smoke!
Crazy Yiuf laughs, "Mountain snail stair!"
Your cerulean imp hits Crazy Yiuf but does no damage.
Your cerulean imp closely misses Crazy Yiuf.
Crazy Yiuf hits your cerulean imp with a +2 quarterstaff of chaos!
Crazy Yiuf burns your cerulean imp.
Your cerulean imp dies!
Your cerulean imp disappears in a puff of smoke!
Crazy Yiuf hits you with a +2 quarterstaff of chaos.
Crazy Yiuf burns you.
You hit Crazy Yiuf. Your punch misses Crazy Yiuf.
Crazy Yiuf is heavily wounded.
Crazy Yiuf hits you with a +2 quarterstaff of chaos.
You hit Crazy Yiuf.
Crazy Yiuf is severely wounded.
Crazy Yiuf hits you with a +2 quarterstaff of chaos!
Crazy Yiuf freezes you.
You hit Crazy Yiuf but do no damage.
Crazy Yiuf is severely wounded.
Crazy Yiuf misses you.
You hit Crazy Yiuf.
Crazy Yiuf is severely wounded.
Crazy Yiuf hits you with a +2 quarterstaff of chaos!
Ouch! That really hurt!
You die...

##### #..)#
#...# #.##
... .###
..# #'#
...###.##
♣♣.♣
#.......
♣g♣♣
#.......
♣♣@♣
#.......
♣.♣♣
#.......
♣♣.♣♣
###.......
♣...♣♣
#[.........
♣PP..♣
####.......
#....#
####....
####....##
##....
#........#
#.....
#....<...#
#...#...


You could see Crazy Yiuf (strong).

Vanquished Creatures
  An adder (D:2)
  2 ball pythons (D:1)
  4 bats (D:1)
  An endoplasm (D:1)
  A hobgoblin (D:1)
  3 kobolds (D:1)
  A goblin (D:1)
13 creatures vanquished.

Vanquished Creatures (collateral kills)
  2 adders (D:2)
  3 worms (D:2)
  A dart slug (D:2)
  2 endoplasms
  4 goblins
  3 hobgoblins
  3 jackals (D:2)
  4 quokkas
  2 ball pythons (D:1)
  2 bats (D:1)
  2 frilled lizards (D:1)
  5 kobolds
  2 rats
35 creatures vanquished.

Grand Total: 48 creatures vanquished

Notes
Turn   | Place    | Note
-------+----------+-------------------------------------------
     0 | D:1      | nicknak712 the Demonspawn Summoner began the quest for the
                  | Orb.
     0 | D:1      | Reached XP level 1. HP: 13/13 MP: 3/3
   198 | D:1      | Gained mutation: You are partially covered in large bone
                  | plates. (SH +4) [demonic ancestry]
   198 | D:1      | Reached XP level 2. HP: 16/19 MP: 1/5
   444 | D:1      | Learned a level 2 spell: Call Imp
   615 | D:1      | Reached XP level 3. HP: 19/24 MP: 1/6
   782 | D:2      | Learned a level 3 spell: Call Canine Familiar
   823 | D:2      | Found a faded altar of an unknown god.
  1003 | D:2      | Reached XP level 4. HP: 23/30 MP: 1/7
  1316 | D:2      | Found a runed translucent door.
  1317 | D:2      | Noticed Crazy Yiuf
  1338 | D:2      | Mangled by Crazy Yiuf

Illustrated notes

Levels and vault maps discovered:
D:1:      spicycebolla_arrival_transporter_tutorial, layout_basic
D:2:      layout_rooms, ebering_ecumenical_altar_box, uniq_crazy_yiuf_cottage

Skill      XL: |  1  2 |
---------------+-------+-----
Stealth        | 2 |  2.5
Dodging        | 2 |  2.4
Spellcasting   | |  2.5
Summonings     | |  4.8

Action                     |  1- 3 |  4- 6 || total
---------------------------+-------+-------++-------
  Melee: Short sword       |    78 |    11 ||    89
   Cast: Summon Small Mamm |    21 |     6 ||    27
         Call Imp          |    10 |     5 ||    15
         Call Canine Famil |     4 |     1 ||     5
   Stab: Distracted        |     1 |       ||     1
         Sleeping          |     1 |       ||     1
 Armour: Robe              |    20 |       ||    20
  Dodge: Dodged            |    62 |     7 ||    69
  Block: Other             |    19 |     1 ||    20

Table legend: (Time is in decaauts)
 A = Elapsed time spent in this place.
 B = Non-inter-level travel time spent in this place.
 C = Inter-level travel time spent in this place.
 D = Time resting spent in this place.
 E = Time spent auto-exploring this place.
 F = Levels seen in this place.
 G = Mean time per level.
                   A        B        C        D        E       F      G
               +--------+--------+--------+--------+--------+-----+--------+
         Total |   1337 |   1308 |     29 |      0 |    885 |   2 |  668.5 |
       Dungeon |   1337 |   1308 |     29 |      0 |    885 |   2 |  668.5 |
               +--------+--------+--------+--------+--------+-----+--------+

Top non-repeatable levels by time:
     D:1: 759 daAuts
     D:2: 577 daAuts
